 Dungeon Crawl Stone Soup version 0.28-a0-991-g956f0ee3d5 (webtiles) character file.

Game seed: 9913646441017305487

2110 siradein the Skirmisher (level 9, -1/48 HPs)
             Began as a Vine Stalker Fighter on Dec 4, 2021.
             Was a Follower of Okawaru.
             Slain by a boulder beetle (12 damage)
             ... on level 7 of the Dungeon.
             The game lasted 00:10:06 (6846 turns).

siradein the Skirmisher (Vine Stalker Fighter)      Turns: 6846, Time: 00:10:07

Health: -1/48      AC: 15    Str: 22    XL:     9   Next: 28%
Magic:  0/11       EV:  9    Int:  8    God:    Okawaru [*.....]
Gold:   434        SH: 12    Dex: 15    Spells: 8/8 levels left

rFire   . . .      SeeInvis .   j - +2 trident (vorpal)
rCold   . . .      Faith    +   q - +0 kite shield
rNeg    . . .      Spirit   +   h - +0 chain mail
rPois   .          Reflect  .   (no helmet)
rElec   .          Harm     .   A - +2 cloak
rCorr   .          Rampage  .   (no gloves)
Will    ++...                   (no boots)
Stlth   ..........              e - amulet of faith
HPRegen 0.96/turn               b - ring of willpower
MPRegen 0.12/turn               w - ring of flight

@: heroic, flying
A: fangs 3, regeneration 1, magic shield, antimagic bite, no potion heal 2
a: Renounce Religion, Heroism


You were on level 7 of the Dungeon.
You worshipped Okawaru.
Okawaru was aware of your devotion.
You visited 2 branches of the dungeon, and saw 8 of its levels.
You also visited: Sewer.

You collected 434 gold pieces.

Inventory:

Hand Weapons
 a - a +0 long sword
 c - a +1 falchion of holy wrath
 j - a +2 vorpal trident (weapon)
Armour
 h - a +0 chain mail (worn)
 q - a +0 kite shield (worn)
 A - a +2 cloak (worn)
Jewellery
 b - a ring of willpower (left hand)
 e - an amulet of faith (around neck)
 w - a ring of flight (right hand)
 y - a ring of wizardry
Wands
 p - a wand of mindburst (14)
Scrolls
 g - 5 scrolls of identify {unknown}
 i - a scroll of torment {unknown}
 k - 7 scrolls of teleportation {unknown}
 l - a scroll of blinking {unknown}
 n - 2 scrolls of fog {unknown}
 o - 4 scrolls of enchant weapon {unknown}
 t - 2 scrolls of acquirement {unknown}
 v - 3 scrolls of fear {unknown}
 x - a scroll of brand weapon {unknown}
 B - a scroll of noise {unknown}
Potions
 d - 2 potions of might
 f - a potion of ambrosia {unknown}
 m - a potion of attraction {unknown}
 r - a potion of lignification {unknown}
 s - a potion of resistance {unknown}
 u - a potion of magic {unknown}
 z - a potion of haste {unknown}


   Skills:
 + Level 6.0(11.0) Fighting
 + Level 5.6(10.6) Long Blades
 + Level 5.5(10.5) Armour
 + Level 6.0(11.0) Shields
 + Level 1.4 Invocations


You had 8 spell levels left.
You didn't know any spells.
Your spell library contained the following spells:

 Spells                   Type           Power      Damage    Failure   Level
 Pain                     Necr           0%         1d4       99%         1
 Corpse Rot               Necr/Air       0%         N/A       100%        2
 Poisonous Vapours        Pois/Air       0%         N/A       100%        2
 Gell's Gravitas          Tloc           0%         N/A       100%        3
 Inner Flame              Hex/Fire       0%         N/A       100%        3
 Portal Projectile        Hex/Tloc       0%         N/A       100%        3
 Teleport Other           Tloc           0%         N/A       100%        3
 Vampiric Draining        Necr           0%         2d6       100%        3
 Cause Fear               Hex            0%         N/A       100%        4
 Leda's Liquefaction      Hex/Erth       0%         N/A       100%        4
 Lee's Rapid Deconstruct  Erth           0%         3d5*      100%        5
 Dispersal                Tloc           0%         N/A       100%        6
 Statue Form              Tmut/Erth      0%         N/A       100%        6
 Discord                  Hex            0%         N/A       100%        8
 Animate Skeleton         Necr           Unusable   N/A       N/A         1
 Call Canine Familiar     Summ           Unusable   N/A       N/A         3

Dungeon Overview and Level Annotations

Branches:
Dungeon (7/15)             Temple (1/1) D:5           Sewer (visited)

Altars:
Ashenzari
Elyvilon
Fedhas
Gozag
Hepliaklqana
Kikubaaqudgha
Nemelex Xobeh
Okawaru
Qazlal
Ru
Sif Muna
Trog
Uskayaw
Vehumet
Wu Jian
Xom
Zin
The Shining One

Shops:
D:1 *   D:6 **   D:7 [

Annotations:
D:6 exclusion: oklob plant


Innate Abilities, Weirdness & Mutations

You have razor-sharp teeth.
Your natural rate of healing is unusually fast.
When hurt, damage is shared between your health and your magic reserves.
Your bite disrupts and absorbs the magic of your enemies.
Potions cannot restore your health.


Message History

You hit the boulder beetle. You bite the boulder beetle. You drain its power.
You feel invigorated.
The boulder beetle is lightly wounded.
The boulder beetle closely misses you.
You hit the boulder beetle but do no damage.
You bite the boulder beetle, but do no damage.
The boulder beetle is lightly wounded.
The boulder beetle waves its antennae.
The boulder beetle bites you but does no damage.
You hit the boulder beetle but do no damage.
You bite the boulder beetle. You drain its power.
The boulder beetle is lightly wounded.
The boulder beetle bites you.
You hit the boulder beetle.
You bite the boulder beetle, but do no damage.
The boulder beetle is moderately wounded.
The boulder beetle closely misses you.
You hit the boulder beetle but do no damage.
You bite the boulder beetle, but do no damage.
The boulder beetle is moderately wounded.
The boulder beetle bites you!
You hit the boulder beetle but do no damage.
You bite the boulder beetle, but do no damage.
The boulder beetle is moderately wounded.
The boulder beetle waves its antennae.
The boulder beetle bites you but does no damage.
You hit the boulder beetle but do no damage.
You bite the boulder beetle. You drain its power.
You feel invigorated.
The boulder beetle is moderately wounded.
You block the boulder beetle's attack.
You hit the boulder beetle. You bite the boulder beetle! You drain its power.
The boulder beetle is heavily wounded.
The boulder beetle bites you!!
You hit the boulder beetle. You bite the boulder beetle. You drain its power.
You feel invigorated.
The boulder beetle is heavily wounded.
The boulder beetle bites you!!
* * * LOW HITPOINT WARNING * * *
The boulder beetle bites you!
You die...

####.....#...............
#........................
####....................##.#
###..........................#
#...###................ ##.#
#.#.###.#.............. #. #
##..................... #. #
#..####.##..........# . # #.##
##.#.#..@B..# . . #.#
#...###.## ## #.# #..)###.# .
#.# #.......# .... #.#
#...##..# ..... #.##
##.......# .....
#..######........#....♣
##..........(<..°#....♣.
####............°.....$


You could see a boulder beetle.

Vanquished Creatures
  Grinder (D:3)
  Sigmund (D:5)
  Pargi (Sewer)
  A black bear (D:6)
  A sky beast (D:6)
  2 ice beasts
  2 ogres
  A centaur (D:7)
  A bullfrog (D:7)
  3 scorpions
  A bullfrog zombie (D:5)
  A centaur zombie (D:7)
  2 orc priests (D:4)
  2 bullfrog skeletons
  2 hounds
  3 jellies
  A centaur skeleton (D:7)
  2 iguanas
  4 orc wizards
  A hound skeleton (D:4)
  A howler monkey zombie (D:7)
  8 gnolls
  3 adders
  A howler monkey skeleton (D:6)
  A river rat (D:4)
  A shadow imp (D:7)
  A white imp (D:7)
  2 ufetubi (D:5)
  2 worms (D:3)
  3 dart slugs
  18 orcs
  8 bats
  6 endoplasms
  6 giant cockroaches
  6 goblins
  6 hobgoblins
  10 jackals
  5 kobolds
  3 quokkas
  12 ball pythons
  6 frilled lizards
  4 rats
146 creatures vanquished.

Vanquished Creatures (others)
  8 fungi (D:6)
  15 plants (D:6)
23 creatures vanquished.

Grand Total: 169 creatures vanquished

Notes
Turn   | Place    | Note
-------+----------+-------------------------------------------
     0 | D:1      | siradein the Vine Stalker Fighter began the quest for the
                  | Orb.
     0 | D:1      | Reached XP level 1. HP: 11/11 MP: 2/2
   151 | D:1      | Reached XP level 2. HP: 11/16 MP: 3/3
   341 | D:1      | Found Inyof's Assorted Antiques.
   890 | D:1      | Reached XP level 3. HP: 15/20 MP: 2/4
  2077 | D:3      | Gained mutation: Your natural rate of healing is unusually
                  | fast. [Vine Stalker growth]
  2077 | D:3      | Reached XP level 4. HP: 24/24 MP: 5/5
  2210 | D:3      | Reached XP level 5. HP: 28/28 MP: 6/6
  2337 | D:3      | Found a hide-covered altar of Uskayaw.
  2554 | D:3      | Found an opulent altar of Gozag.
  2667 | D:3      | Found a faded altar of an unknown god.
  2678 | D:3      | Noticed Grinder
  2759 | D:3      | Killed Grinder
  2760 | D:3      | Reached XP level 6. HP: 28/33 MP: 7/7
  2877 | D:4      | Reached XP level 7. HP: 9/37 MP: 3/8
  2923 | D:4      | Found an ancient bone altar of Kikubaaqudgha.
  3020 | D:4      | Found a glowing drain.
  3054 | Sewer    | Entered a sewer
  3154 | Sewer    | Noticed Pargi
  3174 | Sewer    | Killed Pargi
  3545 | D:4      | Found a white marble altar of Elyvilon.
  3705 | D:4      | Found an ornate altar of the Wu Jian Council.
  4231 | D:4      | Gained mutation: You have razor-sharp teeth. [Vine Stalker
                  | growth]
  4231 | D:4      | Reached XP level 8. HP: 37/42 MP: 4/9
  4421 | D:5      | Entered Level 5 of the Dungeon
  4695 | D:5      | Found a staircase to the Ecumenical Temple.
  4697 | D:5      | Noticed Sigmund
  4721 | D:5      | Killed Sigmund
  4722 | D:5      | Reached skill level 5 in Fighting
  4722 | D:5      | Reached skill level 5 in Shields
  4734 | Temple   | Entered the Ecumenical Temple
  4972 | Temple   | Became a worshipper of Warmaster Okawaru
  5314 | D:6      | Reached skill level 5 in Long Blades
  5314 | D:6      | Reached skill level 5 in Armour
  5555 | D:6      | Reached * piety under Okawaru
  5556 | D:6      | Reached XP level 9. HP: 45/48 MP: 7/10
  5633 | D:6      | Found a blossoming altar of Fedhas.
  5647 | D:6      | Noticed an oklob plant
  6003 | D:6      | Found Coischer's General Store.
  6062 | D:6      | Found Ycsodusu's Specific Store.
  6447 | D:7      | Found a hazy altar of Hepliaklqana.
  6492 | D:7      | Reached skill level 1 in Invocations
  6574 | D:7      | Found Puck's Armour Shoppe.
  6748 | D:7      | Found a shimmering altar of Xom.
  6822 | D:7      | Noticed a boulder beetle
  6846 | D:7      | Slain by a boulder beetle

Illustrated notes

Levels and vault maps discovered:
D:1:      minmay_arrival_open_corners, layout_basic, serial_shops,
          nicolae_shop_temple_entry_statues_fountains
D:2:      layout_basic, kennysheep_another_room
D:3:      layout_loops_ring, lemuel_coloured_pillars_altar,
          mainiacjoe_overflow_catwalk, chequers_ecumenical_altar_simple,
          grunt_decor_arrowhead, uniq_grinder
D:4:      layout_layer_cave, elyvilon_altar_1, mainiacjoe_overflow_boulevard,
          kennysheep_mini_moat, cheibrodos_sewer_entry_sluice, item_on_display_a
D:5:      layout_rooms, temple_fountains, grunt_ministairs_15, uniq_sigmund
D:6:      layout_loops_ring, tgw_fedhas, nicolae_specific_store,
          roderic_serpentine_path, minmay_misc_feat_five
D:7:      layout_cave_pools, mainiacjoe_overflow_concentric_impassable,
          chei_slow_surprise, amcnicky_altar_gilded, serial_shops,
          nicolae_square_shop, kennysheep_generic_room_2
Temple:   minmay_temple_forest_path

Skill      XL: |  1  2  3  4  5  6  7  8  9 |
---------------+----------------------------+-----
Long Blades    | 2 3 4 5 |  5.6
Fighting       | 3 4 5 6 |  6.0
Shields        | 3 4 5 6 |  6.0
Armour         | 3 4 5 |  5.5
Invocations    | 1 |  1.4

Action                   |  1- 3 |  4- 6 |  7- 9 || total
-------------------------+-------+-------+-------++-------
Melee: Long sword        |   109 |       |       ||   109
       Bite              |    22 |    32 |    84 ||   138
       Trident           |     4 |    94 |   256 ||   354
       Falchion          |       |     6 |       ||     6
Invok: Heroism           |       |       |     1 ||     1
  Use: Potion            |       |       |     2 ||     2
 Stab: Distracted        |       |       |     1 ||     1
Armor: Scale mail        |    31 |       |       ||    31
       Chain mail        |    24 |    46 |   158 ||   228
Dodge: Dodged            |    36 |    39 |    56 ||   131
Block: Buckler           |    22 |    13 |       ||    35
       Kite shield       |       |    21 |   131 ||   152

Table legend: (Time is in decaauts)
 A = Elapsed time spent in this place.
 B = Non-inter-level travel time spent in this place.
 C = Inter-level travel time spent in this place.
 D = Time resting spent in this place.
 E = Time spent auto-exploring this place.
 F = Levels seen in this place.
 G = Mean time per level.
                   A        B        C        D        E       F      G
               +--------+--------+--------+--------+--------+-----+--------+
         Total |   7080 |   6805 |    275 |     39 |   5249 |   9 |  786.7 |
       Dungeon |   6489 |   6267 |    222 |     30 |   4900 |   7 |  927.0 |
        Temple |    291 |    238 |     53 |      0 |    222 |   1 |  291.0 |
         Sewer |    299 |    299 |      0 |      9 |    126 |   1 |  299.0 |
               +--------+--------+--------+--------+--------+-----+--------+

Top non-repeatable levels by time:
     D:4: 1346 daAuts
     D:1: 1196 daAuts
     D:6: 1110 daAuts
     D:3: 965 daAuts
     D:2: 775 daAuts
     D:5: 566 daAuts
     D:7: 528 daAuts
   Sewer: 299 daAuts
  Temple: 291 daAuts
